 Dungeon Crawl Stone Soup version 0.22-a0-271-gc000056a37 (webtiles) character file.

29 Manul the Covered (level 3, -1/40 HPs)
             Began as a Demonspawn Wanderer on Mar 10, 2018.
             Slain by a hobgoblin (5 damage)
             ... led by Robin
             ... on level 2 of the Dungeon.
             The game lasted 00:00:52 (1069 turns).

Manul the Covered (Demonspawn Wanderer)             Turns: 1069, Time: 00:00:53

Health: -1/40      AC:  5    Str: 19    XL:     3   Next: 1%
Magic:  3/3        EV: 10    Int: 14    God:
Gold:   67         SH:  0    Dex: 10    Spells: 2/2 levels left

rFire    . . .     SeeInvis .   a - +2 dagger
rCold    . . .     Gourm    .   (no shield)
rNeg     . . .     Faith    .   c - +0 ring mail
rPois    .         Spirit   .   (no helmet)
rElec    .         Reflect  .   (no cloak)
rCorr    .         Harm     .   (no gloves)
MR       .....                  (no boots)
Stlth    ..........             (no amulet)
HPRegen  0.13/turn              (no ring)
MPRegen  0.08/turn              (no ring)

@: berserking, very quick
A: powered by pain 1
a: no special abilities


You were on level 2 of the Dungeon.
You were hungry.

You visited 1 branch of the dungeon, and saw 2 of its levels.

You collected 67 gold pieces.

Inventory:

Hand Weapons
 a - a +2 dagger (weapon)
Armour
 c - a +0 ring mail (worn)
Scrolls
 e - a scroll of identify {unknown}
Comestibles
 f - 2 rations


   Skills:
 + Level 2.0 Fighting
 + Level 0.3 Short Blades
   Level 1.7 Bows
 + Level 4.3 Armour
 + Level 2.0 Stealth


You had 2 spell levels left.
You didn't know any spells.

Dungeon Overview and Level Annotations

Branches:
Dungeon (2/15)

Altars:

Annotations:
D:2 Robin


Innate Abilities, Weirdness & Mutations

You sometimes gain a little power by taking damage.


Message History

A red film seems to cover your vision as you go berserk!
You feel yourself moving faster!
You feel mighty!
The hobgoblin hits you but does no damage.
The goblin hits you but does no damage.
Robin roars a battlecry!
You hit the goblin.
You kill the goblin!
You have reached level 3!
Your experience leads to an increase in your attributes!
Your base attributes are Str 13, Int 14, Dex 10.
Increase (S)trength, (I)ntelligence, or (D)exterity?
You feel stronger. The hobgoblin hits you.
* * * LOW HITPOINT WARNING * * *
You closely miss the hobgoblin.
The hobgoblin is almost dead.
You feel less wooden.
Your +0 ring mail unmelds from your body.
The hobgoblin hits you.
You die...

#..# #..# #..#
#..#######
####........#
##...........#
#.........<..#
#..###)####..#
#@# #..# #g#
#..# #g# #..#
#g# #..# #g#
#..#


gg. ...# ..# #..# ### You could see Robin, 2 hobgoblins and 3 goblins.

Vanquished Creatures
  An adder (D:2)
  A ball python (D:1)
  A giant cockroach (D:1)
  4 hobgoblins
  A frilled lizard (D:1)
  6 goblins
  5 kobolds (D:1)
19 creatures vanquished.

Notes
Turn   | Place    | Note
-------+----------+-------------------------------------------
     0 | D:1      | Manul the Demonspawn Wanderer began the quest for the Orb.
     0 | D:1      | Manul set off with: a +2 dagger, a potion of berserk rage, a +0 ring mail, a potion of lignification, a ration
     0 | D:1      | Reached XP level 1. HP: 16/16 MP: 1/1
   137 | D:1      | Gained mutation: You sometimes gain a little power by taking damage. [demonic ancestry]
   137 | D:1      | Reached XP level 2. HP: 17/22 MP: 2/2
   319 | D:1      | Reached skill level 4 in Armour
  1054 | D:2      | Noticed Robin
  1068 | D:2      | Reached XP level 3. HP: 8/27 MP: 3/3
  1069 | D:2      | Slain by a hobgoblin

Vault maps used:
D:1:      sevenhm_arrival_forest_fort_small_6, minmay_misc_feat_hallway,
          due_unseen_surprise
D:2:      chequers_ecumenical_altar_island, first_ration, uniq_robin

Skill      XL: |  1  2 |
---------------+-------+-----
Stealth        | 2 |  2.0
Armour         | 4 |  4.3
Fighting       | |  2.0
Short Blades   | |  0.3
Bows           | |  1.7

Action                   || total
-------------------------++-------
Melee: Dagger            ||    78
  Use: Potion            ||     2
Armor: Ring mail         ||    22
       Skin              ||    24
Dodge: Dodged            ||    29

Table legend:
 A = Spawn XP
 B = Non-spawn XP
 C = Spawn XP percentage of total XP
 D = Spawn monster count
 E = Non-spawn monster count
 F = Spawn count percentage of total count
 G = Total turns spent on level
                    A         B        C        D         E        F      G
               +---------+---------+-------+---------+---------+-------+---------
         Total |       0 |      42 |   0.0 |       0 |      19 |   0.0 |  1069
               +---------+---------+-------+---------+---------+-------+---------
           D:1 |       0 |      20 |   0.0 |       0 |      13 |   0.0 |  1025
           D:2 |       0 |      22 |   0.0 |       0 |       6 |   0.0 |    44
               +---------+---------+-------+---------+---------+-------+---------
